 Dungeon Crawl Stone Soup version 0.18-a0-721-g8fc53f4 (webtiles) character file.

121 xeno23 the Insei (level 5, 0/41 HPs)
             Began as a Human Monk on Dec 8, 2015.
             Slain by a worker ant (1 damage)
             ... on level 4 of the Dungeon.
             The game lasted 00:06:58 (1927 turns).

xeno23 the Insei (Human Monk)                       Turns: 1927, Time: 00:06:58

Health: 0/41       AC:  5    Str: 12      XL:     5   Next: 26%
Magic:  5/5        EV: 20    Int: 11 (12) God:
Gold:   163        SH:  0    Dex: 21      Spells: 0 memorised, 4 levels left

rFire  . . .     SeeInvis .       - Unarmed
rCold  . . .     Clarity  .     a - +0 robe
rNeg   . . .     SustAt   .     (no shield)
rPois  .         Gourm    .     (no helmet)
rElec  .         Spirit   .     (no cloak)
rCorr  .         Dismiss  .     (no gloves)
rMut   .         Stasis   .     l - +0 pair of boots
MR     .....                    (no amulet)
Stlth  ++++......               h - +2 ring of intelligence
                                e - +2 ring of protection

@: agile, lethally poisoned (0 -> -7), not resistant to hostile enchantments,
stealthy
A: no striking features
a: no special abilities


You were on level 4 of the Dungeon.
You were very hungry.

You visited 1 branch of the dungeon, and saw 4 of its levels.

You collected 163 gold pieces.

Inventory:

Missiles
 y - 6 curare-tipped needles
Armour
 a - a +0 robe (worn)
 l - a +0 pair of boots (worn)
Jewellery
 e - a +2 ring of protection (left hand)
 h - a +2 ring of intelligence (right hand)
Scrolls
 k - 2 scrolls of noise {unknown}
 n - 2 scrolls of fog {unknown}
 o - a scroll of identify {unknown}
 q - a scroll of immolation {unknown}
 r - 2 scrolls of amnesia {unknown}
 s - a scroll of fear {unknown}
 t - 3 scrolls of blinking {unknown}
 u - 3 scrolls of enchant weapon {unknown}
 v - a scroll of recharging {unknown}
 w - 2 scrolls of remove curse {unknown}
 x - a scroll of random uselessness {unknown}
 z - a scroll of teleportation {unknown}
Potions
 d - a potion of brilliance {unknown}
 g - a potion of cancellation
 j - a potion of agility
 p - a potion of curing {unknown}
Comestibles
 b - 4 bread rations
 f - a slice of pizza
 i - 7 fruits
 m - 3 meat rations


   Skills:
 + Level 3.5 Fighting
 + Level 3.5 Dodging
 + Level 3.0 Stealth
 * Level 5.1 Unarmed Combat


You had 4 spell levels left.
You didn't know any spells.

Dungeon Overview and Level Annotations

Branches:
Dungeon (4/15)
 Temple: D:4-7

Altars:
Ashenzari
Nemelex Xobeh
Trog
Yredelemnul


Message History

You take 1 damage.
Unknown command.
Drink which item? (? for menu, Esc to quit)
It was a potion of cancellation.
You feel magically purged.
* * * LOW HITPOINT WARNING * * *
You feel sick. The worker ant misses you.
You take 1 damage.
Drink which item? (? for menu, Esc to quit)
It was a potion of agility.
You feel agile all of a sudden.
* * * LOW HITPOINT WARNING * * *
You feel sick. The worker ant completely misses you.
You take 1 damage.
Drink which item? (? for menu, Esc to quit)
It was a potion of degeneration.
There was something very wrong with that liquid.
You feel dopey.
* * * LOW HITPOINT WARNING * * *
You feel sick. The worker ant bites you.
You die...

..###......##.....#
##.... #
#.................##
....
#.#####.#####......#..
..# #..# ##.......# .
##.## #..####..# ..
#..###..# #.# ..#
##.#...## .# ...#
#.....$#####.##
....#####%......@a..(.#
#...#........#####....
#.[.###..### . #.###
#....#### ##.#
#.......# #..#
#..####.. ##.## ##.# #
#...# ##..##
#..#.†####....#


You could see a worker ant.

Vanquished Creatures
  An orc wizard (D:4)
  5 adders
  2 oozes
  3 worms (D:2)
  2 giant geckos
  An orc (D:3)
  4 giant cockroaches
  3 hobgoblins
  3 ball pythons
  5 bats
  2 giant newts
  5 goblins
  A kobold (D:1)
  3 rats
40 creatures vanquished.

Notes
Turn   | Place    | Note
--------------------------------------------------------------
     0 | D:1      | xeno23 the Human Monk began the quest for the Orb.
     0 | D:1      | Reached XP level 1. HP: 18/18 MP: 1/1
   287 | D:1      | Found a shattered altar of Ashenzari.
   295 | D:1      | Reached XP level 2. HP: 24/24 MP: 2/2
   915 | D:2      | Reached XP level 3. HP: 25/29 MP: 3/3
  1019 | D:2      | Found a sparkling altar of Nemelex Xobeh.
  1204 | D:2      | Reached XP level 4. HP: 25/35 MP: 4/4
  1264 | D:2      | Found a bloodstained altar of Trog.
  1285 | D:2      | Found a basalt altar of Yredelemnul.
  1706 | D:4      | Reached skill level 5 in Unarmed Combat
  1706 | D:4      | Reached XP level 5. HP: 22/41 MP: 5/5
  1926 | D:4      | HP: 2/41 [poisoned by a worker ant]
  1927 | D:4      | Slain by a worker ant

Vault maps used:
D:1:      sevenhm_arrival_forest_fort_small_3, evilmike_ruin_ashenzari
D:2:      lemuel_doored_altar, lightli_temple_of_fire,
          overflow_temple_1_default, minmay_misc_feat_diagonals,
          grunt_ministairs_15
D:3:      kennysheep_generic_room_3
D:4:      grunt_qazlal_sundering, zin_statuary, minmay_temple_entry_glass,
          first_bread, st_stairs_11, nemelex_spade_bored_becter

Action                   |  1- 3 |  4- 6 || total
-------------------------+-------+-------++-------
Melee: Unarmed           |   100 |    67 ||   167
  Use: Potion            |       |     3 ||     3
 Stab: Sleeping          |    11 |     3 ||    14
  Eat: Chunk             |     1 |     1 ||     2
